Map: [ESL] Moondance

Players

Nice - Winner!

  • Race: Protoss Protoss
  • Spawn Location: 12:00

GungFuBanDa

  • Race: Protoss Protoss
  • Spawn Location: 6:00

Event: DreamHack SC2 Masters 2022 Atlanta (Offline)

VOD

Have the link to the VOD?

Description

Time

  • Played on: Nov. 18, 2022, 1:01 p.m.
  • Length: 9:05

All games in this series

Show
View Real Time Build Order
Export as new Build Order

Nice Protoss - Winner!

Build Orders:  

Get SALT Encoding   

  12  0:00  Probe  
  13  0:12  Probe  
  14  0:18  Pylon  
  14  0:24  Probe (Chrono Boost)  
  15  0:36  Gateway  
  15  0:37  Probe (Chrono Boost)  
  16  0:43  Probe  
  16  0:46  Assimilator  
  17  0:55  Probe (Chrono Boost)  
  17  0:56  Assimilator  
  18  1:06  Gateway  
  18  1:07  Probe (Chrono Boost)  
  19  1:14  Probe (Chrono Boost)  
  20  1:21  Probe  
  20  1:24  Cybernetics Core  
  21  1:29  Pylon  
  21  1:34  Probe  
  22  1:46  Probe  
  23  2:00  Robotics Facility  
  23  2:04  Warp Gate  
  27  2:10  Stalker  
  27  2:14  Stalker  
  27  2:17  Pylon  
  27  2:29  Probe  
  28  2:40  Stalker  
  29  2:44  Stalker  
  29  2:48  Observer (Chrono Boost)  
  32  2:53  Gateway  
  32  2:58  Shield Battery  
  32  3:05  Warp Prism (Chrono Boost)  
  32  3:12  Shield Battery  
  34  3:18  Stalker  
  38  3:36  Pylon  
  38  3:53  Stalker  
  38  3:57  Stalker  
  40  4:08  Stalker  
  42  4:16  Stalker  
  43  4:23  Probe  
  44  4:31  Stalker  
  44  4:35  Probe  
  47  4:39  Twilight Council  
  47  4:46  Observer  
  47  4:54  Pylon  
  47  4:58  Probe  
  47  5:09  Observer  
  47  5:13  Blink (Chrono Boost)  
  47  5:17  Nexus  
  47  5:20  Observer  
  47  5:22  Sentry  
  49  5:34  Shield Battery, Sentry  
  49  5:35  Observer  
  51  5:43  Stalker  
  53  5:51  Gateway  
  53  5:57  Observer  
  54  6:05  Stalker  
  54  6:09  Pylon  
  55  6:12  Pylon  
  55  6:33  Adept x2  
  55  6:34  Stalker  
  61  6:48  Stalker  
  61  6:49  Probe x2  
  63  7:04  Sentry  
  63  7:06  Stalker  
  65  7:16  Probe x2  
  65  7:18  Charge (Chrono Boost)  
  67  7:23  Shield Battery  
  66  7:35  Probe x2  
  70  7:53  Stalker x4  
  72  8:19  Stalker  
  68  8:20  Stalker x3  
  68  8:21  Probe  
  71  8:41  Probe  
  71  8:42  Probe  
  71  8:45  Stalker x2  
  71  8:46  Zealot  
Show
View Real Time Build Order
Export as new Build Order

GungFuBanDa Protoss 

Build Orders: Oracle Opening 

Get SALT Encoding   

  12  0:00  Probe  
  13  0:12  Probe  
  14  0:17  Pylon  
  14  0:24  Probe (Chrono Boost)  
  16  0:36  Probe (Chrono Boost), Gateway  
  16  0:43  Probe (Chrono Boost)  
  16  0:45  Assimilator  
  17  0:50  Probe  
  17  0:54  Assimilator  
  18  1:02  Probe (Chrono Boost)  
  19  1:06  Gateway  
  20  1:12  Probe (Chrono Boost)  
  20  1:17  Probe (Chrono Boost)  
  20  1:23  Cybernetics Core  
  21  1:29  Probe  
  22  1:34  Pylon  
  22  1:41  Probe  
  23  1:53  Probe  
  24  2:00  Stalker x2  
  28  2:02  Warp Gate  
  28  2:11  Pylon  
  28  2:12  Probe  
  29  2:27  Stargate  
  30  2:32  Stalker  
  31  2:39  Stalker  
  31  2:43  Probe  
  34  2:55  Probe  
  35  3:03  Shield Battery  
  35  3:04  Pylon  
  35  3:07  Oracle (Chrono Boost)  
  37  3:19  Pylon  
  37  3:23  Gateway  
  37  3:35  Twilight Council  
  33  3:51  Sentry  
  33  3:53  Stalker  
  33  3:54  Probe  
  38  4:01  Robotics Facility  
  36  4:15  Stalker  
  38  4:17  Shield Battery  
  38  4:19  Pylon  
  38  4:20  Stalker  
  40  4:27  Stalker  
  42  4:31  Pylon  
  42  4:37  Gateway  
  42  4:38  Gateway  
  42  4:46  Stalker  
  44  5:00  Immortal (Chrono Boost)  
  44  5:05  Probe  
  49  5:16  Adept  
  49  5:18  Pylon  
  51  5:30  Observer (Chrono Boost)  
  51  5:32  Adept  
  54  5:41  Observer  
  54  5:42  Adept  
  56  5:43  Warp Prism  
  58  6:07  Adept x2  
  58  6:10  Pylon  
  62  6:22  Observer  
  62  6:37  Probe (Chrono Boost)  
  63  6:42  Twilight Council  
  63  6:46  Nexus  
  64  6:47  Probe (Chrono Boost)  
  64  6:52  Probe (Chrono Boost)  
  65  6:58  Stalker  
  65  6:59  Stalker x2  
  70  7:10  Probe  
  70  7:15  Pylon  
  67  7:36  Shield Battery  
  67  7:37  Observer  
  67  7:42  Probe  
  65  7:59  Probe  
  66  8:08  Stalker x2  
  62  8:22  Probe  
  62  8:23  Probe  
  62  8:32  Stalker  
  56  8:45  Probe x2  
Tags
 
Add a new tag
Caveats
  • Supply blocks, unpowered buildings, or Contaminate may cause inaccurate times.
  • Supply counts are checked every 10 seconds.